| TOP OF THE 1ST |
|
Lakeland Pilots batting - Pitching for Fort Myers Palms : RHP Jeffrey Arney
|
|
Pitching: RHP Jeffrey Arney
|
|
|
Batting: RHB Eric Clark
|
0-0: Ball 1-0: Ball 2-0: Foul Ball, location: 2F 2-1: Ball 3-1: Base on Balls
|
|
Batting: LHB Timothy Collins
|
0-0: Called Strike Eric Clark is caught stealing 2nd base 2-6 0-1: Foul Ball, location: 2F 0-2: TRIPLE (Flyball, 8LXD, EV 105.6 MPH)
|
|
Batting: SHB John Moses
|
0-0: Called Strike 0-1: Ball 1-1: Ball 2-1: Foul Ball, location: 2F 2-2: Ball 3-2: SINGLE (Line Drive, 4MD, EV 95.6 MPH) Timothy Collins scores
|
|
Batting: RHB Jim McArdle
|
0-0: Ball 1-0: Ball 2-0: Called Strike 2-1: Ball 3-1: Called Strike 3-2: Base on Balls John Moses to second
|
|
Batting: RHB Dennis Delany
|
0-0: Fly out, F8 (Line Drive, 8RD, EV 103.1 MPH)
|
|
Batting: SHB Rafael Villaman
|
0-0: Called Strike 0-1: Ball 1-1: Fly out, F9 (Line Drive, 9D, EV 105.0 MPH)
|
| Top of the 1st over - 1 run, 2 hits, 0 errors, 2 left on base; Lakeland 1 - Fort Myers 0 |
| BOTTOM OF THE 1ST |
|
Fort Myers Palms batting - Pitching for Lakeland Pilots : RHP Doug Welenc
|
|
Pitching: RHP Doug Welenc
|
|
|
Batting: LHB Gus Burgess
|
0-0: Ball 1-0: Called Strike 1-1: Fly out, F8 (Flyball, 89M, EV 97.5 MPH)
|
|
Batting: LHB Ozzie Guillen
|
0-0: Ball 1-0: Called Strike 1-1: SINGLE (Groundball, 6D, EV 95.6 MPH)
|
|
Batting: SHB Stan Javier
|
0-0: Swinging Strike 0-1: Foul Ball, location: 2F 0-2: Fly out, F8 (Flyball, 8RXD, EV 78.1 MPH)
|
|
Batting: LHB Tony Ramirez
|
0-0: Ball 1-0: Foul Ball, location: 2F 1-1: Called Strike 1-2: Ball 2-2: Fly out, F7 (Flyball, 78M, EV 93.8 MPH)
|
| Bottom of the 1st over - 0 runs, 1 hit, 0 errors, 1 left on base; Lakeland 1 - Fort Myers 0 |
| TOP OF THE 2ND |
|
Lakeland Pilots batting - Pitching for Fort Myers Palms : RHP Jeffrey Arney
|
|
Batting: RHB Peter Khoury
|
0-0: Called Strike 0-1: Swinging Strike 0-2: Ground out 5-3 (Groundball, 56, EV 101.3 MPH)
|
|
Batting: RHB Michael Kopsky
|
0-0: Foul Ball, location: 2F 0-1: Ball 1-1: Called Strike 1-2: Fly out, F9 (Flyball, 89D, EV 101.9 MPH)
|
|
Batting: RHB Juan Burgos
|
0-0: Called Strike 0-1: Ball 1-1: Called Strike 1-2: Ball 2-2: Ground out 6-3 (Groundball, 6, EV 101.9 MPH)
|
| Top of the 2nd over - 0 runs, 0 hits, 0 errors, 0 left on base; Lakeland 1 - Fort Myers 0 |
| BOTTOM OF THE 2ND |
|
Fort Myers Palms batting - Pitching for Lakeland Pilots : RHP Doug Welenc
|
|
Batting: LHB Jessie Reid
|
0-0: Called Strike 0-1: Ball 1-1: Ball 2-1: Swinging Strike 2-2: Fly out, F7 (Flyball, 7S, EV 91.3 MPH)
|
|
Batting: SHB Curt Wilkerson
|
0-0: Ball 1-0: Ball 2-0: Ball 3-0: Called Strike 3-1: Foul Ball, location: 2F 3-2: Fly out, F8 (Flyball, 8LS, EV 81.3 MPH)
|
|
Batting: RHB Gary Holden
|
0-0: Ball 1-0: Called Strike 1-1: Fly out, F9 (Flyball, 9, EV 94.4 MPH)
|
| Bottom of the 2nd over - 0 runs, 0 hits, 0 errors, 0 left on base; Lakeland 1 - Fort Myers 0 |
| TOP OF THE 3RD |
|
Lakeland Pilots batting - Pitching for Fort Myers Palms : RHP Jeffrey Arney
|
|
Batting: RHB Eric Clark
|
0-0: Ball 1-0: Called Strike 1-1: Foul Ball, location: 2F 1-2: Ball 2-2: Foul Ball, location: 2F 2-2: Strikes out swinging
|
|
Batting: LHB Timothy Collins
|
0-0: Ball 1-0: Ball 2-0: Ball 3-0: Called Strike 3-1: Called Strike 3-2: Foul Ball, location: 2F 3-2: Base on Balls
|
|
Batting: SHB John Moses
|
0-0: Called Strike 0-1: Called Strike 0-2: Foul Ball, location: 2F 0-2: Foul Ball, location: 2F 0-2: Fly out, F8 (Flyball, 8RXD, EV 90.0 MPH)
|
|
Batting: RHB Jim McArdle
|
0-0: Called Strike Timothy Collins steals 2nd base 0-1: Ball 1-1: Ball 2-1: Fly out, F8 (Flyball, 78S, EV 76.3 MPH)
|
| Top of the 3rd over - 0 runs, 0 hits, 0 errors, 1 left on base; Lakeland 1 - Fort Myers 0 |
| BOTTOM OF THE 3RD |
|
Fort Myers Palms batting - Pitching for Lakeland Pilots : RHP Doug Welenc
|
|
Batting: RHB Carl Nichols
|
0-0: Ball 1-0: Called Strike 1-1: Called Strike 1-2: Foul Ball, location: 2F 1-2: Strikes out swinging
|
|
Batting: RHB Craig Hendrickson
|
0-0: Ball 1-0: Ball 2-0: Swinging Strike 2-1: Called Strike 2-2: Ball 3-2: Foul Ball, location: 2F 3-2: Base on Balls
|
|
Batting: LHB Gus Burgess
|
0-0: Fly out, F9 (Flyball, 89XD, EV 103.8 MPH)
|
|
Batting: LHB Ozzie Guillen
|
0-0: Ball 1-0: Called Strike Pickoff Throw to First - Out! 1-3
|
| Bottom of the 3rd over - 0 runs, 0 hits, 0 errors, 0 left on base; Lakeland 1 - Fort Myers 0 |
| TOP OF THE 4TH |
|
Lakeland Pilots batting - Pitching for Fort Myers Palms : RHP Jeffrey Arney
|
|
Batting: RHB Dennis Delany
|
0-0: Called Strike 0-1: Ball 1-1: Ball 2-1: Ball 3-1: Base on Balls
|
|
Batting: SHB Rafael Villaman
|
0-0: Ball 1-0: Foul Ball, location: 2F 1-1: Foul Ball, location: 2F 1-2: Ball 2-2: Foul Ball, location: 2F 2-2: Foul Ball, location: 2F 2-2: Fielders Choice at 2nd, 1-4 (Groundball, 15S, EV 71.9 MPH)
|
|
Batting: RHB Peter Khoury
|
0-0: Ball 1-0: Foul Ball, location: 2F 1-1: Fly out, F8 (Flyball, 8RM, EV 90.6 MPH)
|
|
Batting: RHB Michael Kopsky
|
0-0: Foul Ball, location: 2F 0-1: Ball 1-1: Called Strike 1-2: Ball 2-2: Strikes out looking
|
| Top of the 4th over - 0 runs, 0 hits, 0 errors, 1 left on base; Lakeland 1 - Fort Myers 0 |
| BOTTOM OF THE 4TH |
|
Fort Myers Palms batting - Pitching for Lakeland Pilots : RHP Doug Welenc
|
|
Batting: LHB Ozzie Guillen
|
0-0: Ball 1-0: Called Strike 1-1: Called Strike 1-2: Ball 2-2: Foul Ball, location: 2F 2-2: Ball 3-2: Base on Balls
|
|
Batting: SHB Stan Javier
|
0-0: Ball 1-0: Called Strike 1-1: Ball 2-1: Hit by Pitch Ozzie Guillen to second
|
|
Batting: LHB Tony Ramirez
|
0-0: Fly out, F7 (Line Drive, 7D, EV 99.4 MPH) Runner from 2nd tags up, SAFE at 3rd, no throw by LF
|
|
Batting: LHB Jessie Reid
|
0-0: Ball 1-0: Fly out, F7 (Flyball, 7LS, EV 92.5 MPH)
|
|
Batting: SHB Curt Wilkerson
|
0-0: Ball 1-0: Fielders Choice at 2nd, 6-4 (Groundball, 6, EV 108.1 MPH)
|
| Bottom of the 4th over - 0 runs, 0 hits, 0 errors, 2 left on base; Lakeland 1 - Fort Myers 0 |
| TOP OF THE 5TH |
|
Lakeland Pilots batting - Pitching for Fort Myers Palms : RHP Jeffrey Arney
|
|
Batting: RHB Juan Burgos
|
0-0: Ball 1-0: Swinging Strike 1-1: Ball 2-1: Foul Ball, location: 2F 2-2: Ball 3-2: Fly out, F7 (Flyball, 7LM, EV 88.1 MPH)
|
|
Batting: RHB Eric Clark
|
0-0: DOUBLE (Flyball, 78D, EV 108.1 MPH)
|
|
Batting: LHB Timothy Collins
|
0-0: Called Strike 0-1: Foul Ball, location: 2F 0-2: Ball 1-2: Ball 2-2: SINGLE (Groundball, 6M, EV 106.9 MPH) Eric Clark to third Runner from 3rd tries for Home, SAFE, throw by CF to home
|
|
Batting: SHB John Moses
|
0-0: Ball 1-0: DOUBLE (Flyball, 78XD, EV 89.4 MPH) Timothy Collins to third
|
|
Batting: RHB Jim McArdle
|
0-0: Ball 1-0: Called Strike 1-1: Ball 2-1: Called Strike 2-2: Ball 3-2: Foul Ball, location: 2F 3-2: Foul Ball, location: 2F 3-2: Base on Balls
|
|
Batting: RHB Dennis Delany
|
0-0: Called Strike 0-1: Ball 1-1: Called Strike 1-2: Fly out, F9 (Flyball, 9, EV 87.5 MPH) Runner from 3rd tags up, SCORES, throw by RF John Moses to third
|
|
Batting: SHB Rafael Villaman
|
0-0: Foul Ball, location: 2F 0-1: Called Strike 0-2: Foul Ball, location: 2F 0-2: Ball 1-2: Strikes out looking
|
| Top of the 5th over - 2 runs, 3 hits, 0 errors, 2 left on base; Lakeland 3 - Fort Myers 0 |
| BOTTOM OF THE 5TH |
|
Fort Myers Palms batting - Pitching for Lakeland Pilots : RHP Doug Welenc
|
|
Batting: RHB Gary Holden
|
0-0: Ball 1-0: Ball 2-0: Called Strike 2-1: Fly out, F4 (Popup, 34D, EV 50.6 MPH)
|
|
Batting: RHB Carl Nichols
|
0-0: Called Strike 0-1: Foul Ball, location: 2F 0-2: Foul Ball, location: 2F 0-2: Ball 1-2: Strikes out looking
|
|
Batting: RHB Craig Hendrickson
|
0-0: Ball 1-0: Ball 2-0: SINGLE (Line Drive, 7S, EV 91.3 MPH)
|
|
Batting: LHB Gus Burgess
|
0-0: Ball 1-0: Fly out, F8 (Line Drive, 8LD, EV 88.1 MPH)
|
| Bottom of the 5th over - 0 runs, 1 hit, 0 errors, 1 left on base; Lakeland 3 - Fort Myers 0 |
| TOP OF THE 6TH |
|
Lakeland Pilots batting - Pitching for Fort Myers Palms : RHP Jeffrey Arney
|
|
Batting: RHB Peter Khoury
|
0-0: Called Strike 0-1: Foul Ball, location: 2F 0-2: Ball 1-2: Foul Ball, location: 2F 1-2: Ball 2-2: Foul Ball, location: 2F 2-2: Foul Ball, location: 2F 2-2: Foul Ball, location: 2F 2-2: Ball 3-2: Foul Ball, location: 2F 3-2: Strikes out swinging
|
|
Pitching: LHP Alan Walker
|
|
|
Batting: RHB Michael Kopsky
|
0-0: Ball 1-0: Ball 2-0: Foul Ball, location: 2F 2-1: Ball 3-1: Base on Balls
|
|
Batting: RHB Juan Burgos
|
0-0: Called Strike 0-1: Grounds into double play, 4-6-3 (Groundball, 4, EV 85.0 MPH)
|
| Top of the 6th over - 0 runs, 0 hits, 0 errors, 0 left on base; Lakeland 3 - Fort Myers 0 |
| BOTTOM OF THE 6TH |
|
Fort Myers Palms batting - Pitching for Lakeland Pilots : RHP Doug Welenc
|
|
Batting: LHB Ozzie Guillen
|
0-0: Ball 1-0: SINGLE (Groundball, 4MD, EV 106.3 MPH)
|
|
Batting: SHB Stan Javier
|
0-0: Foul Ball, location: 2F 0-1: Ball Ozzie Guillen steals 2nd base 1-1: Ball 2-1: Ground out 6-3 (Groundball, 6, EV 81.3 MPH) Ozzie Guillen to third
|
|
Batting: LHB Tony Ramirez
|
0-0: Fly out, F4 (Popup, 3S, EV 75.0 MPH)
|
|
Batting: LHB Jessie Reid
|
0-0: Ball 1-0: Ball 2-0: Ball 3-0: Called Strike 3-1: Base on Balls
|
|
Batting: SHB Curt Wilkerson
|
0-0: Ball 1-0: Called Strike 1-1: Ball 2-1: Ball 3-1: Called Strike 3-2: Foul Ball, location: 2F 3-2: Ground out U3 (Groundball, 34, EV 101.3 MPH)
|
| Bottom of the 6th over - 0 runs, 1 hit, 0 errors, 2 left on base; Lakeland 3 - Fort Myers 0 |
| TOP OF THE 7TH |
|
Lakeland Pilots batting - Pitching for Fort Myers Palms : LHP Alan Walker
|
|
Batting: RHB Eric Clark
|
0-0: Fly out, F7 (Flyball, 7S, EV 83.1 MPH)
|
|
Batting: LHB Timothy Collins
|
0-0: Ball 1-0: Ball 2-0: Ball 3-0: Called Strike 3-1: Called Strike 3-2: Foul Ball, location: 2F 3-2: Base on Balls
|
|
Pitching: RHP David Thornton
|
|
|
Batting: SHB John Moses
|
0-0: Swinging Strike 0-1: Ball 1-1: Swinging Strike 1-2: Foul Ball, location: 2F 1-2: Ball 2-2: Ball 3-2: Foul Ball, location: 2F 3-2: Strikes out looking
|
|
Batting: RHB Jim McArdle
|
0-0: Foul Ball, location: 2F 0-1: Called Strike Timothy Collins steals 2nd base 0-2: Foul Ball, location: 2F 0-2: Ball 1-2: Ball Wild Pitch! Timothy Collins to third 2-2: Strikes out swinging
|
| Top of the 7th over - 0 runs, 0 hits, 0 errors, 1 left on base; Lakeland 3 - Fort Myers 0 |
| BOTTOM OF THE 7TH |
|
Fort Myers Palms batting - Pitching for Lakeland Pilots : RHP Doug Welenc
|
|
Batting: RHB Gary Holden
|
0-0: Foul Ball, location: 2F 0-1: Ball 1-1: Reached on error, E5 (Groundball, 56, EV 79.4 MPH)
|
|
Batting: RHB Carl Nichols
|
0-0: Called Strike 0-1: Ball 1-1: Foul Ball, location: 2F 1-2: Ball 2-2: Foul Ball, location: 2F 2-2: SINGLE (Line Drive, 9LS, EV 95.6 MPH) Gary Holden to third Runner from 3rd tries for Home, throw by RF and OUT! 9-2 Carl Nichols to second
|
|
Batting: RHB Craig Hendrickson
|
0-0: Reached on error, E6 (Groundball, 6M, EV 81.3 MPH) Carl Nichols scores
|
|
Batting: LHB Gus Burgess
|
0-0: Called Strike 0-1: Foul Ball, location: 2F 0-2: SINGLE (Line Drive, 56D, EV 104.4 MPH) Craig Hendrickson to third
|
|
Batting: LHB Ozzie Guillen
|
0-0: Ball Gus Burgess is caught stealing 2nd base 2-6 1-0: Swinging Strike 1-1: Swinging Strike 1-2: Ball 2-2: Ball 3-2: Foul Ball, location: 2F 3-2: Base on Balls
|
|
Batting: SHB Stan Javier
|
0-0: Called Strike 0-1: Ball 1-1: Ball 2-1: Foul Ball, location: 2F 2-2: Ball 3-2: Base on Balls Ozzie Guillen to second
|
|
Batting: LHB Tony Ramirez
|
0-0: Foul Ball, location: 2F 0-1: Ball 1-1: Ball 2-1: Foul Ball, location: 2F 2-2: Foul Ball, location: 2F 2-2: Foul Ball, location: 2F 2-2: Foul Ball, location: 2F 2-2: Ground out 4-3 (Groundball, 34, EV 99.4 MPH)
|
| Bottom of the 7th over - 1 run, 2 hits, 2 errors, 3 left on base; Lakeland 3 - Fort Myers 1 |
| TOP OF THE 8TH |
|
Lakeland Pilots batting - Pitching for Fort Myers Palms : RHP David Thornton
|
|
Batting: RHB Dennis Delany
|
0-0: Foul Ball, location: 2F 0-1: Ball 1-1: Ball 2-1: Ball 3-1: Base on Balls
|
|
Pitching: LHP Kelly Becker
|
|
|
Batting: SHB Rafael Villaman
|
0-0: Bunt missed! 0-1: Bunted foul 0-2: Fly out, F8 (Flyball, 8RXD, EV 108.8 MPH)
|
|
Batting: RHB Peter Khoury
|
0-0: Called Strike 0-1: Foul Ball, location: 2F 0-2: Foul Ball, location: 2F 0-2: Foul Ball, location: 2F 0-2: Ball 1-2: 2-RUN HOME RUN (Flyball, 7D, EV 106.9 MPH), Distance : 356 ft
|
|
Batting: RHB Michael Kopsky
|
0-0: Ground out 5-3 (Groundball, 56, EV 86.3 MPH)
|
|
Batting: RHB Juan Burgos
|
0-0: Called Strike 0-1: Ball 1-1: Ball 2-1: Called Strike 2-2: Strikes out looking
|
| Top of the 8th over - 2 runs, 1 hit, 0 errors, 0 left on base; Lakeland 5 - Fort Myers 1 |
| BOTTOM OF THE 8TH |
|
Fort Myers Palms batting - Pitching for Lakeland Pilots : RHP Doug Welenc
|
|
Batting: LHB Jessie Reid
|
0-0: Called Strike 0-1: Ball 1-1: Ground out 3-1 (Groundball, 34S, EV 83.1 MPH)
|
|
Batting: SHB Curt Wilkerson
|
0-0: Called Strike 0-1: Swinging Strike 0-2: SINGLE (Groundball, 25, EV 68.1 MPH) (infield hit)
|
|
Batting: RHB Gary Holden
|
0-0: Ball 1-0: Swinging Strike 1-1: Swinging Strike 1-2: Ball 2-2: Strikes out swinging
|
|
Batting: RHB Carl Nichols
|
0-0: Ball 1-0: SINGLE (Flyball, 5D, EV 102.5 MPH) Curt Wilkerson to second Runner from 2nd tries for 3rd, SAFE, no throw by LF
|
|
Batting: RHB Craig Hendrickson
|
0-0: Ball 1-0: Ball 2-0: Foul Ball, location: 2F 2-1: Foul Ball, location: 2F 2-2: Ball 3-2: Base on Balls Carl Nichols to second
|
|
Batting: LHB Gus Burgess
|
0-0: Ball 1-0: Called Strike 1-1: DOUBLE (Line Drive, 78D, EV 106.3 MPH) Curt Wilkerson scores Carl Nichols scores Craig Hendrickson to third Runner from 3rd tries for Home, SAFE, no throw by CF
|
|
Batting: LHB Ozzie Guillen
|
0-0: Ball 1-0: Ball 2-0: Called Strike 2-1: Foul Ball, location: 2F 2-2: Foul Ball, location: 2F 2-2: Ball 3-2: Foul Ball, location: 2F 3-2: Base on Balls
|
|
Pitching: LHP Pedro Noriega
|
|
|
Batting: SHB Stan Javier
|
0-0: Fly out, F7 (Flyball, 78M, EV 83.1 MPH)
|
| Bottom of the 8th over - 3 runs, 3 hits, 0 errors, 2 left on base; Lakeland 5 - Fort Myers 4 |
| TOP OF THE 9TH |
|
Lakeland Pilots batting - Pitching for Fort Myers Palms : LHP Kelly Becker
|
|
Batting: RHB Eric Clark
|
0-0: Ball 1-0: Called Strike 1-1: Ball 2-1: Ground out 5-3 (Groundball, 5S, EV 83.1 MPH)
|
|
Batting: LHB Timothy Collins
|
0-0: Ball 1-0: Ground out 4-3 (Groundball, 4S, EV 63.8 MPH)
|
|
Batting: SHB John Moses
|
0-0: Ball 1-0: Ball 2-0: Called Strike 2-1: SINGLE (Groundball, 56D, EV 100.0 MPH) (infield hit)
|
|
Batting: RHB Jim McArdle
|
0-0: Called Strike 0-1: Swinging Strike 0-2: Strikes out swinging
|
| Top of the 9th over - 0 runs, 1 hit, 0 errors, 1 left on base; Lakeland 5 - Fort Myers 4 |
| BOTTOM OF THE 9TH |
|
Fort Myers Palms batting - Pitching for Lakeland Pilots : LHP Pedro Noriega
|
|
Batting: LHB Tony Ramirez
|
0-0: Called Strike 0-1: Called Strike 0-2: Ground out 4-3 (Groundball, 34, EV 92.5 MPH)
|
|
Batting: LHB Jessie Reid
|
0-0: Foul Ball, location: 2F 0-1: Ball 1-1: Ball 2-1: Foul Ball, location: 2F 2-2: Strikes out swinging
|
|
Batting: SHB Curt Wilkerson
|
0-0: Foul Ball, location: 2F 0-1: Ball 1-1: Swinging Strike 1-2: Foul Ball, location: 2F 1-2: Ball 2-2: Strikes out swinging
|
| Bottom of the 9th over - 0 runs, 0 hits, 0 errors, 0 left on base; Lakeland 5 - Fort Myers 4 |
|